 Dungeon Crawl Stone Soup version 0.23-a0-275-g0cf4261 (webtiles) character file.

171 Gildeon the Conjurer (level 5, -11/34 HPs)
             Began as an Octopode Conjurer on Oct 1, 2018.
             Was a Follower of Nemelex Xobeh.
             Mangled by an orc
             ... wielding a +1 hand axe of electrocution
              (17 damage)
             ... on level 3 of the Dungeon on Oct 2, 2018.
             The game lasted 00:10:02 (2819 turns).

Gildeon the Conjurer (Octopode Conjurer)            Turns: 2819, Time: 00:10:03

Health: -11/34     AC:  2    Str:  8    XL:     5   Next: 51%
Magic:  7/9        EV: 14    Int: 17    God:    Nemelex Xobeh [*.....]
Gold:   224        SH:  0    Dex: 13    Spells: 3/9 levels left

rFire    . . .     SeeInvis .     - Unarmed
rCold    . . .     Gourm    .   (no shield)
rNeg     . . .     Faith    .   (helmet restricted)
rPois    .         Spirit   .   (no amulet)
rElec    .         Reflect  .   a - +1 ring of protection
rCorr    .         Harm     .   (no ring)
MR       .....                  (no ring)
Stlth    +++.......             (no ring)
HPRegen  0.11/turn              (no ring)
MPRegen  0.11/turn              (no ring)
                                (no ring)
                                (no ring)

@: no status effects
A: almost no armour, stealthy swim, amphibious, 8 rings, constrict 8, camouflage
1, gelatinous body 1
a: Renounce Religion


You were on level 3 of the Dungeon.
You worshipped Nemelex Xobeh.
Nemelex Xobeh was aware of your devotion.
You were not hungry.

You visited 1 branch of the dungeon, and saw 3 of its levels.

You collected 224 gold pieces.

Inventory:

Jewellery
 a - a +1 ring of protection (left tentacle)
Scrolls
 d - a scroll of enchant weapon
 f - a scroll of fog
 g - a scroll of amnesia
 h - a scroll of teleportation
 k - 3 scrolls of remove curse
 l - 2 scrolls of fear {unknown}
Potions
 e - a potion of flight
 i - 5 potions of heal wounds
 n - a potion of invisibility
Miscellaneous
 j - an ornate deck of summoning
Comestibles
 b - 5 rations
 c - 7 chunks of flesh


   Skills:
 + Level 1.7 Fighting
 + Level 2.8 Dodging
 + Level 4.0 Stealth
 + Level 1.7 Unarmed Combat
 + Level 2.8 Spellcasting
 + Level 4.5 Conjurations


You had 3 spell levels left.
You knew the following spells:

 Your Spells              Type           Power        Failure   Level  Hunger
a - Magic Dart            Conj           ###.         2%          1    #......
b - Searing Ray           Conj           ###...       4%          2    ##.....
c - Dazzling Spray        Conj/Hex       ##....       22%         3    ###....

Your spell library contained the following spells:

 Spells                   Type           Power        Failure   Level  Hunger
 Iskenderun's Mystic Bla  Conj           ###.....     26%         4    #####..
 Force Lance              Conj/Tloc      ##......     56%         4    #####..
 Fulminant Prism          Conj/Hex       ##........   56%         4    #####..


Dungeon Overview and Level Annotations

Branches:
Dungeon (3/15)

Altars:
Ashenzari
Elyvilon
Nemelex Xobeh
Ru
The Shining One


Innate Abilities, Weirdness & Mutations

You cannot wear most types of armour.
You are very stealthy in the water. (Stealth+)
You are amphibious.
You can wear up to eight rings at the same time.
You can use your tentacles to constrict eight enemies at once.
Your skin changes colour to match your surroundings (Stealth+).
Your rubbery body absorbs attacks. (AC +1, EV +1)


Message History

You constrict the orc.
A giant cockroach comes into view.
The orc hits you with a flail.
You tentacle-slap the orc but do no damage.
The orc is almost dead.
You constrict the orc.
You kill the orc!
You tentacle-slap the orc. You grab the orc.
The orc is lightly wounded.
You constrict the orc, but do no damage.
The orc misses you.
You tentacle-slap the orc but do no damage.
The orc is lightly wounded.
You constrict the orc, but do no damage.
The orc hits you with a hand axe of electrocution!
* * * LOW HITPOINT WARNING * * *
You are electrocuted!
Ouch! That really hurt!
You die...
Your body disappears without a glow.

##### ##...##
###### #..#..#
#.@..## #####.###..
#o##..###......#..#
#o#
##..#...###...##
#s# #.......######
#. #........# #
#....(..## #
#..#...## #
#.###.## # ### ###
#


You could see 2 orcs and a giant cockroach.

Vanquished Creatures
  2 orc wizards (D:3)
  Jessica (D:2)
  Robin (D:2)
  2 adders (D:2)
  2 worms (D:2)
  A dart slug (D:1)
  An orc (D:3)
  A ball python (D:3)
  A giant cockroach (D:2)
  12 goblins
  6 hobgoblins
  4 bats
  3 frilled lizards
  10 kobolds
  6 rats
53 creatures vanquished.

Notes
Turn   | Place    | Note
-------+----------+-------------------------------------------
     0 | D:1      | Gildeon the Octopode Conjurer began the quest for the Orb.
     0 | D:1      | Reached XP level 1. HP: 11/11 MP: 3/3
   452 | D:1      | Reached XP level 2. HP: 17/17 MP: 3/5
   456 | D:1      | Learned a level 2 spell: Searing Ray
  1081 | D:2      | Noticed Jessica
  1098 | D:2      | Killed Jessica
  1098 | D:2      | Reached skill level 1 in Fighting
  1098 | D:2      | Reached skill level 1 in Unarmed Combat
  1098 | D:2      | Reached XP level 3. HP: 9/23 MP: 3/6
  1107 | D:2      | Upgraded the game from 0.23-a0-270-gab6feb3 to
                  | 0.23-a0-275-g0cf4261
  1283 | D:2      | Learned a level 3 spell: Dazzling Spray
  1330 | D:2      | Found a sparkling altar of Nemelex Xobeh.
  1334 | D:2      | Reached XP level 4. HP: 28/28 MP: 5/7
  1374 | D:2      | Became a worshipper of Nemelex Xobeh the Trickster
  1469 | D:2      | Received a gift from Nemelex Xobeh
  1526 | D:2      | Noticed Robin
  1599 | D:2      | Found a shattered altar of Ashenzari.
  2092 | D:2      | Found a glowing golden altar of the Shining One.
  2435 | D:2      | Killed Robin
  2563 | D:3      | Found a white marble altar of Elyvilon.
  2585 | D:3      | Reached * piety under Nemelex Xobeh
  2621 | D:3      | Found a sacrificial altar of Ru.
  2645 | D:3      | Reached XP level 5. HP: 21/33 MP: 7/9
  2819 | D:3      | Mangled by an orc

Vault maps used:
D:1:      lemuel_arrival_funnel, minmay_cupped
D:2:      ashenzari_conservatory_becter, nicolae_tso_carved_into_rock,
          nemelex_xobeh_ov_fountains_minmay, first_ration, uniq_jessica,
          uniq_robin
D:3:      elyvilon_altar_4, nicolae_ru_great_annihilating_truth,
          marbit_many_paths, hex_large, grunt_qazlal_sundering, uniq_natasha,
          uniq_grinder

Skill      XL: |  1  2  3  4  5 |
---------------+----------------+-----
Stealth        | 3 4 |  4.0
Fighting       | 1 |  1.7
Unarmed Combat | 1 |  1.7
Dodging        | |  2.8
Spellcasting   | |  2.8
Conjurations   | |  4.5

Action                   |  1- 3 |  4- 6 || total
-------------------------+-------+-------++-------
Melee: Unarmed           |    41 |    82 ||   123
       Constrict         |    14 |    23 ||    37
       Tentacles         |     7 |    16 ||    23
 Cast: Magic Dart        |    23 |    14 ||    37
       Searing Ray       |       |     1 ||     1
  Use: Scroll            |     4 |     4 ||     8
 Stab: Sleeping          |     2 |     7 ||     9
       Invisible         |       |     1 ||     1
       Paralysed         |       |     1 ||     1
  Eat: Chunk             |     2 |     4 ||     6
Armor: Skin              |     1 |     2 ||     3
Dodge: Dodged            |    30 |    46 ||    76

Table legend:
 A = Non-vault XP
 B = Vault XP
 C = Vault XP percentage of total XP
 D = Non-vault monster count
 E = Vault monster count
 F = Vault count percentage of total count
                 A         B        C        D         E       F
            +---------+---------+-------+---------+---------+-------
      Total |     116 |     129 |  52.7 |      33 |      20 |  37.7
            +---------+---------+-------+---------+---------+-------
        D:1 |      18 |       6 |  25.0 |      12 |       3 |  20.0
        D:2 |      52 |      75 |  59.1 |      17 |      13 |  43.3
        D:3 |      46 |      48 |  51.1 |       4 |       4 |  50.0
            +---------+---------+-------+---------+---------+-------
